Map: Ascension to Aiur LE

Players

Serral - Winner!

  • Race: Zerg Zerg
  • Spawn Location: 5:00

Stephano

  • Race: Zerg Zerg
  • Spawn Location: 11:00

Event: WCS Jonkoping 2017

VOD

Have the link to the VOD?

Description

Time

  • Played on: June 18, 2017, 5:33 a.m.
  • Length: 12:31

All games in this series

Show
View Real Time Build Order
Export as new Build Order

Serral Zerg - Winner!

Build Orders: Hatch First, Zergling Baneling 

Get SALT Encoding   

  12  0:00  Drone  
  13  0:12  Overlord  
  13  0:17  Drone  
  14  0:31  Drone x2  
  14  0:34  Drone  
  17  0:51  Hatchery  
  17  0:55  Drone  
  17  0:58  Drone  
  18  1:08  Extractor  
  17  1:12  Spawning Pool  
  17  1:15  Drone  
  17  1:19  Drone  
  18  1:29  Drone  
  19  1:38  Overlord  
  19  1:58  Queen  
  19  1:59  Zergling x2  
  19  2:00  Zergling x2  
  23  2:03  Queen  
  23  2:04  Zergling x2  
  23  2:07  Metabolic Boost  
  26  2:12  Drone  
  26  2:14  Drone  
  28  2:23  Drone  
  28  2:25  Drone  
  28  2:29  Baneling Nest  
  29  2:33  Zergling x2  
  30  2:38  Drone  
  31  2:46  Zergling x2  
  32  2:53  Overlord  
  32  2:54  Drone  
  33  3:01  Hatchery  
  33  3:02  Drone  
  33  3:05  Zergling x2  
  33  3:08  Zergling x2  
  35  3:14  Zergling x6  
  35  3:19  Zergling x4  
  38  3:22  Zergling x2  
  38  3:27  Baneling x4  
  39  3:33  Overlord  
  39  3:34  Zergling x2  
  39  3:39  Zergling x4  
  42  3:44  Zergling x4  
  44  3:50  Overlord  
  44  3:54  Baneling  
  44  3:55  Baneling x2  
  42  4:06  Zergling x6  
  40  4:15  Zergling x6  
  40  4:16  Zergling x2  
  42  4:23  Drone x2  
  43  4:27  Drone x2  
  43  4:28  Drone x3  
  43  4:29  Drone  
  48  4:34  Drone x2  
  48  4:37  Baneling x2  
  48  4:38  Drone  
  48  4:45  Zergling x4  
  49  4:51  Baneling x2  
  49  4:53  Zergling x2  
  49  4:56  Drone  
  49  4:58  Extractor  
  49  4:59  Roach Warren, Overlord, Evolution Chamber  
  48  5:02  Drone  
  48  5:04  Drone  
  50  5:10  Drone x2  
  50  5:18  Baneling x2, Drone x3  
  52  5:23  Queen  
  52  5:27  Zergling x6  
  52  5:28  Zergling x4  
  59  5:32  Baneling x2  
  59  5:35  Drone x3  
  61  5:37  Baneling  
  62  5:44  Baneling  
  62  5:45  Baneling, Overlord  
  62  5:47  Drone x2  
  62  5:52  Drone x2  
  62  5:57  Baneling x2  
  63  5:59  Overlord  
  63  6:01  Drone x2  
  64  6:04  Zergling x6  
  64  6:05  Zergling x2  
  64  6:11  Drone x2  
  68  6:16  Zerg Missile Weapons Level 1  
  68  6:18  Extractor  
  65  6:20  Baneling, Drone x2  
  65  6:21  Drone  
  66  6:27  Overlord  
  66  6:31  Extractor, Drone x2  
  67  6:35  Lair  
  65  6:40  Drone x3  
  65  6:43  Baneling  
  68  6:48  Drone x2  
  68  6:49  Drone  
  68  6:51  Baneling x2  
  71  7:00  Roach x5  
  81  7:02  Drone x2  
  81  7:03  Drone  
  81  7:06  Overlord  
  81  7:08  Roach  
  86  7:12  Roach x2  
  86  7:15  Drone  
  89  7:18  Extractor  
  89  7:19  Extractor  
  89  7:20  Overlord  
  87  7:27  Drone  
  87  7:28  Drone x9  
  87  7:34  Glial Reconstitution  
  86  7:37  Roach x3  
  92  7:45  Zergling x4  
  92  7:46  Zergling x2  
  92  7:49  Roach x2  
  92  7:50  Roach  
  98  7:53  Roach x3  
  104  7:58  Overlord  
  104  8:01  Roach x4  
  104  8:03  Overlord  
  112  8:14  Overlord  
  112  8:16  Overseer  
  112  8:19  Roach x4  
  120  8:25  Zerg Missile Weapons Level 2  
  120  8:27  Drone  
  120  8:31  Roach x4  
  129  8:39  Overlord  
  128  8:46  Roach x5  
  136  8:49  Burrow  
  136  8:53  Tunneling Claws  
  136  8:57  Hatchery, Roach  
  136  8:59  Ravager  
  136  9:00  Ravager x4  
  142  9:03  Overlord  
  142  9:04  Overlord  
  142  9:07  Roach  
  144  9:14  Overlord  
  144  9:15  Overlord  
  144  9:35  Roach  
  144  9:36  Roach x8  
  156  9:44  Roach x5  
  156  9:45  Roach x4  
  171  9:56  Overlord  
  171  9:57  Overlord x2  
  171  10:03  Hatchery  
  170  10:08  Overlord  
  170  10:13  Overlord  
  170  10:15  Roach x4  
  170  10:16  Roach x6  
  170  10:20  Ravager x2  
  177  10:29  Roach  
  177  10:30  Roach x5  
  177  10:35  Roach x34  
  189  10:39  Roach x2  
  189  10:40  Roach  
  189  10:41  Roach  
  189  10:43  Roach x3  
  189  10:44  Roach  
  189  10:47  Roach x2  
  189  10:49  Roach x4  
  197  10:53  Roach x2  
  197  10:55  Roach  
  197  10:56  Overseer  
  199  11:11  Roach  
  197  11:22  Roach x3  
  197  11:24  Roach  
  197  11:25  Roach x4  
  199  11:30  Roach x5  
  193  11:37  Roach x7  
  192  11:43  Overseer  
  179  11:48  Roach x5  
  179  11:54  Roach x3  
  182  12:01  Roach x4  
  185  12:09  Drone x2  
  185  12:11  Drone x2  
  185  12:12  Drone x2  
  185  12:14  Overseer  
  191  12:19  Drone  
Show
View Real Time Build Order
Export as new Build Order

Stephano Zerg 

Build Orders: Hatch First, Zergling Baneling 

Get SALT Encoding   

  12  0:01  Drone  
  13  0:13  Overlord  
  13  0:17  Drone  
  14  0:31  Drone x2  
  14  0:35  Drone  
  17  0:51  Hatchery  
  17  0:54  Drone  
  17  0:57  Drone  
  18  1:08  Extractor  
  17  1:12  Spawning Pool  
  17  1:15  Drone  
  18  1:18  Drone  
  18  1:29  Drone  
  19  1:39  Overlord  
  19  1:58  Queen  
  19  1:59  Zergling x2  
  23  2:01  Zergling x2  
  23  2:03  Queen, Zergling x2  
  23  2:08  Metabolic Boost  
  26  2:14  Drone x2  
  28  2:25  Drone x2  
  30  2:34  Queen, Drone  
  30  2:35  Drone  
  34  2:44  Drone  
  35  2:51  Hatchery  
  34  2:59  Baneling Nest, Overlord  
  33  3:08  Drone  
  33  3:12  Drone  
  35  3:19  Drone  
  35  3:21  Drone x3  
  35  3:26  Zergling x6  
  42  3:34  Drone  
  42  3:36  Extractor  
  42  3:37  Overlord  
  41  3:43  Zergling x6  
  41  3:45  Baneling x3  
  44  3:50  Overlord  
  44  3:55  Queen  
  46  3:56  Baneling x2  
  46  3:59  Zergling x6  
  48  4:04  Zergling x2  
  48  4:08  Zergling x2  
  48  4:09  Zergling x4  
  49  4:14  Zergling x2  
  49  4:15  Zergling x4  
  48  4:20  Drone  
  48  4:21  Zergling x2  
  46  4:30  Zergling x8  
  47  4:33  Baneling x2  
  47  4:34  Baneling  
  46  4:40  Drone x2  
  46  4:45  Drone x2  
  50  4:48  Zergling x4  
  50  4:54  Zergling x6  
  50  4:57  Baneling x2  
  53  5:02  Drone x3  
  56  5:12  Zergling x12  
  57  5:17  Drone x2  
  57  5:19  Baneling x3  
  57  5:21  Drone  
  60  5:26  Drone x2  
  62  5:31  Queen  
  62  5:34  Baneling x2  
  64  5:38  Drone x2  
  64  5:39  Overlord  
  66  5:48  Zergling x2  
  61  5:54  Zergling x10  
  65  6:01  Zergling x14  
  66  6:15  Drone x3  
  68  6:20  Drone  
  68  6:23  Extractor  
  68  6:24  Drone x2  
  68  6:25  Evolution Chamber  
  67  6:29  Roach Warren  
  67  6:30  Drone  
  67  6:33  Queen, Drone  
  68  6:40  Baneling x3, Drone x2  
  68  6:44  Drone x2  
  68  6:46  Baneling x2  
  70  6:49  Drone  
  70  6:51  Drone, Zerg Missile Weapons Level 1  
  70  6:53  Drone x2  
  74  7:05  Overlord  
  74  7:08  Overlord  
  74  7:09  Extractor  
  74  7:10  Extractor  
  74  7:11  Drone  
  74  7:13  Overlord  
  74  7:15  Drone  
  74  7:16  Overlord  
  74  7:17  Lair  
  74  7:18  Extractor  
  74  7:19  Drone  
  74  7:28  Drone x4  
  74  7:29  Baneling x2  
  76  7:31  Drone  
  76  7:32  Drone  
  76  7:35  Drone x5  
  76  7:36  Drone  
  84  7:42  Drone  
  84  7:43  Hatchery  
  84  7:45  Drone  
  84  7:46  Overlord  
  84  7:49  Baneling x2  
  85  7:53  Overlord  
  85  7:54  Pneumatized Carapace  
  85  7:56  Roach x6  
  96  8:06  Roach x3  
  96  8:07  Roach x3  
  108  8:16  Glial Reconstitution  
  108  8:18  Roach x3  
  113  8:22  Roach x2  
  113  8:23  Roach x2  
  113  8:25  Overlord x2  
  121  8:28  Overlord  
  120  8:38  Roach x2  
  122  8:41  Overlord  
  122  8:42  Overlord x2  
  122  8:48  Roach x4  
  130  8:58  Roach x4  
  130  8:59  Roach  
  130  9:00  Ravager x2  
  130  9:01  Ravager x2  
  144  9:03  Baneling x3  
  144  9:04  Baneling  
  144  9:08  Ravager x3  
  144  9:09  Ravager, Roach  
  152  9:10  Roach  
  152  9:11  Ravager  
  152  9:12  Ravager x2  
  152  9:14  Roach  
  157  9:18  Roach x2  
  157  9:19  Roach  
  157  9:23  Roach x2  
  163  9:33  Roach x5  
  163  9:37  Drone  
  163  9:38  Drone x2  
  171  9:41  Roach x2  
  174  9:46  Zerg Missile Weapons Level 2  
  174  9:49  Evolution Chamber  
  173  9:52  Overlord  
  173  9:56  Roach  
  173  9:58  Overlord x2  
  173  9:59  Overlord  
  164  10:14  Tunneling Claws, Burrow  
  164  10:15  Overseer  
  164  10:16  Zerg Ground Armor Level 1  
  164  10:18  Roach x3  
  169  10:23  Roach  
  169  10:24  Roach  
  158  10:29  Roach x3  
  159  10:42  Roach x6  
  167  10:53  Overseer  
  167  10:56  Roach x5  
  177  11:03  Roach  
  177  11:04  Roach x3  
  183  11:11  Roach x2  
  181  11:22  Roach x7  
  181  11:25  Roach  
  174  11:29  Roach x2  
  151  11:33  Roach x2  
  151  11:37  Roach x2  
  132  11:41  Roach x2  
  132  11:46  Roach x3  
  110  11:49  Roach x5  
  96  11:55  Roach  
  89  12:03  Roach x2  
  89  12:06  Roach x3  
  89  12:13  Overlord  
Tags
 
Add a new tag
Caveats
  • Supply blocks, unpowered buildings, or Contaminate may cause inaccurate times.
  • Supply counts are checked every 10 seconds.